 Dungeon Crawl Stone Soup version 0.31-a0-1576-ga3383bade6 (webtiles) character file.

Game seed: 17124538145558196997

53 Flugslaktarn the Apothecary (level 3, 0/21 HPs)
             Began as an Octopode Alchemist on Jan 4, 2024.
             Slain by an orc priest
             ... wielding a +0 flail
              (7 damage)
             ... on level 3 of the Dungeon.
             The game lasted 00:01:18 (556 turns).

Flugslaktarn the Apothecary (Octopode Alchemist)     Turns: 556, Time: 00:01:19

Health: 0/21       AC:  1    Str:  7    XL:     3   Next: 87%
Magic:  3/7        EV: 13    Int: 19    God:
Gold:   69         SH:  0    Dex: 12    Spells: 6/7 levels left

rFire   . . .        f - +4 mace
rCold   . . .        (no shield)
rNeg    . . .        (helmet restricted)
rPois   .            (no amulet)
rElec   .            (no ring)
rCorr   .            (no ring)
SInv    .            (no ring)
Will    .....        (no ring)
Stlth   +++          (no ring)
HPRegen 0.23/turn    (no ring)
MPRegen 0.10/turn    (no ring)
                     (no ring)

%: no passive effects
@: no status effects
A: almost no armour, amphibious, 8 rings, camouflage 1, gelatinous body 1,
(nimble swimmer 1), tentacles
a: no special abilities


You were on level 3 of the Dungeon.
You visited 1 branch of the dungeon, and saw 3 of its levels.

You collected 69 gold pieces.

Inventory:

Hand Weapons
 b - a +0 short sword
   (You took it off a kobold on level 1 of the Dungeon)
 f - a +4 mace (weapon)
   (You found it on level 2 of the Dungeon)
Magical Staves
 e - a staff of fire
   (You found it on level 2 of the Dungeon)
Scrolls
 c - a scroll of butterflies {unknown}
 d - a scroll of identify {unknown}
 g - a scroll of amnesia {unknown}
Potions
 a - a potion of magic
 h - a potion of heal wounds {unknown}
 i - a potion of might {unknown}
 j - a potion of ambrosia {unknown}


   Skills:
 - Level 2.0 Dodging
 - Level 2.6 Stealth
 + Level 2.6 Spellcasting
 - Level 1.0 Conjurations
 * Level 4.6 Alchemy


You had 6 spell levels left.
You knew the following spells:

 Your Spells              Type           Power      Damage    Failure   Level
a - Sting                 Conj/Alch      52%        1d6       4%          1

Your spell library contained the following spells:

 Spells                   Type           Power      Damage    Failure   Level
 Mercury Vapours          Alch/Air       22%        N/A       10%         2
 Magic Dart               Conj           24%        1d4       11%         1
 Searing Ray              Conj           12%        2d4       16%         2
 Mephitic Cloud           Conj/Alch/Air  9%         N/A       22%         3
 Olgreb's Toxic Radiance  Alch           20%        N/A       24%         4
 Fulminant Prism          Conj/Alch      6%         3d7       45%         4
 Sticky Flame             Fire/Alch      11%        2d5       52%         4


Dungeon Overview and Level Annotations

Branches:
Dungeon (3/15)

Altars:


Innate Abilities, Weirdness & Mutations

You cannot wear most types of armour.
You are amphibious.
You can wear up to eight rings at the same time.
Your skin changes colour to match your surroundings (Stealth+).
Your rubbery body absorbs attacks. (AC +1, EV +1)
((You are camouflaged when in or above water. (Stealth+)))
You have tentacles for arms and can constrict up to eight enemies at once.


Message History

You kill the giant cockroach!
The quokka twitches its whiskers.
The quokka barely misses you. The quokka bites you.
The quokka attacks as it pursues you! The quokka closely misses you.
Casting: Sting (safe; 5% risk of failure)
Confirm with . or Enter, or press ? or * to list all spells.
Aiming: Sting (safe; 5% risk of failure)
Press: ? - help, Shift-Dir - straight line, f - quokka
Aim: a quokka (60% to hit)
The sting hits the quokka but does no damage.
The quokka is poisoned.
The quokka misses you.
You are too injured to fight recklessly!
You are too injured to fight recklessly!
You hit the quokka but do no damage. Your grab misses the quokka.
The quokka closely misses you. The quokka barely misses you.
You sock the quokka!
You kill the quokka!
You sock the hobgoblin!
You kill the hobgoblin!
Things that are here:
a hobgoblin corpse; a quokka corpse
j - a glowing ruby potion Magic restored.
There is a stone staircase leading down here.
You climb downwards.
There is a stone staircase leading up here.
Unknown command.
There is a stone staircase leading up here.
A hobgoblin and a rat come into view.
Unknown command.
Casting: Sting (safe; 5% risk of failure)
Confirm with . or Enter, or press ? or * to list all spells.
Aiming: Sting (safe; 5% risk of failure)
Press: ? - help, Shift-Dir - straight line, f - hobgoblin
Aim: a hobgoblin (asleep, 100% to hit)
The sting hits the hobgoblin but does no damage.
The hobgoblin is poisoned.
The hobgoblin shouts!
You hear a shout!
You hit the rat.
You kill the rat!
The hobgoblin barely misses you.
A goblin comes into view. It is wielding a +0 dagger.
You hit the hobgoblin. You grab the hobgoblin.
The hobgoblin is heavily wounded.
You constrict the hobgoblin.
You kill the hobgoblin!
The goblin barely misses you.
You thump the goblin!
You kill the goblin!
No target in view!
Things that are here:
a +0 dagger; a goblin corpse HP restored.
Magic restored.
Found 8 stones.
Unknown command.
An orc priest and an adder come into view.
The orc priest shouts!
The adder hisses angrily.
You see here 3 scrolls labelled BOUDDA TOEMAYZAD.
Unknown command.
The adder bites you.
The orc priest looks braver for a moment.
The adder attacks as it pursues you! The adder bites you.
You are poisoned.
The adder poisons you! The adder bites you but does no damage.
You feel sick.
Casting: Sting (safe; 5% risk of failure)
Confirm with . or Enter, or press ? or * to list all spells.
Aiming: Sting (safe; 5% risk of failure)
Press: ? - help, Shift-Dir - straight line, f - adder
Aim: an adder (53% to hit)
The sting misses the adder.
You feel sick. The adder barely misses you.
You hit the adder. Your grab misses the adder.
The adder is heavily wounded.
You feel sick.
You are no longer poisoned.
The adder closely misses you. The adder bites you.
You are poisoned.
The adder poisons you!
You hit the adder. You grab the adder. You squeeze the adder.
You kill the adder!
You feel sick.
You feel sick.
You feel sick.
You are no longer poisoned.
Casting: Sting (safe; 4% risk of failure)
Confirm with . or Enter, or press ? or * to list all spells.
Aiming: Sting (safe; 4% risk of failure)
Press: ? - help, Shift-Dir - straight line, f - orc priest
Aim: an orc priest, wielding a +0 flail (71% to hit)
The sting hits the orc priest.
The orc priest is poisoned.
The orc priest is moderately wounded.
Casting: Sting (safe; 4% risk of failure)
Confirm with . or Enter, or press ? or * to list all spells.
Aiming: Sting (safe; 4% risk of failure)
Press: ? - help, Shift-Dir - straight line, f/p - orc priest
Aim: an orc priest, wielding a +0 flail (moderately wounded, poisoned, 71% to hit)
The sting misses the orc priest.
The orc priest hits you with a +0 flail!
You die...

... .........###.# #
#o# ......#.#.#.# #
#?# ..........#.# #
#.# .####.....#.# #
#.# #.....<....# #
#.#.###.######.#.# #
#.#........).#...# +
#.#####.####.###.# #
#.o@......##.###'###
#####.#......##.....
#.#########..... #.#
#..... #.# #.....
#.. ##.### #.( ...
#.. .... .....


You could see an orc priest (poisoned).

Vanquished Creatures
  2 adders
  A dart slug (D:1)
  An orc (D:3)
  5 bats
  5 endoplasms
  2 giant cockroaches (D:2)
  2 hobgoblins
  3 quokkas
  2 ball pythons (D:1)
  3 goblins
  A kobold (D:1)
  3 rats
30 creatures vanquished.

Notes
Turn   | Place    | Note
-------+----------+-------------------------------------------
     0 | D:1      | Flugslaktarn the Octopode Alchemist began the quest for the
                  | Orb.
     0 | D:1      | Reached XP level 1. HP: 11/11 MP: 3/3
    80 | D:1      | Reached XP level 2. HP: 17/17 MP: 1/5
   196 | D:2      | Reached skill level 4 in Alchemy
   401 | D:2      | Reached XP level 3. HP: 21/21 MP: 4/6
   556 | D:3      | Slain by an orc priest

Illustrated notes

Levels and vault maps discovered:
D:1:      psy_arrival_dodecagon, layout_loops_ring, minivault_26
D:2:      layout_loops_cross, serial_glass, glass_columns_a, glass_columns_a,
          minmay_crystal_room, uniq_crazy_yiuf_cottage
D:3:      layout_basic, nicolae_wu_jian_immortal_techniques,
          chequers_temple_overflow_statue_of_worship,
          mainiacjoe_overflow_big_doors, hangedman_decor_opposing, uniq_natasha

Skill      XL: |  1  2 |
---------------+-------+-----
Alchemy        | 4 |  4.6
Dodging        | |  2.0
Stealth        | |  2.6
Spellcasting   | |  2.6
Conjurations   | |  1.0

Action                     || total
---------------------------++-------
  Melee: Short sword       ||    27
         Tentacles         ||     7
         Constrict         ||     9
         Mace              ||    14
   Cast: Sting             ||    25
   Stab: Sleeping          ||     1
 Armour: Skin              ||    31
  Dodge: Dodged            ||    52

Table legend: (Time is in decaauts)
 A = Elapsed time spent in this place.
 B = Non-inter-level travel time spent in this place.
 C = Inter-level travel time spent in this place.
 D = Time resting spent in this place.
 E = Time spent auto-exploring this place.
 F = Levels seen in this place.
 G = Mean time per level.
                   A        B        C        D        E       F      G
               +--------+--------+--------+--------+--------+-----+--------+
         Total |    560 |    539 |     21 |      0 |    223 |   3 |  186.7 |
       Dungeon |    560 |    539 |     21 |      0 |    223 |   3 |  186.7 |
               +--------+--------+--------+--------+--------+-----+--------+

Top non-repeatable levels by time:
     D:2: 278 daAuts
     D:3: 142 daAuts
     D:1: 139 daAuts
